 Dungeon Crawl Stone Soup version 0.30-a0-743-gbfdf073431 (webtiles) character file.

Game seed: 17621565985245029554

4054 kingofthe the Covert (level 10, -6/56 HPs)
             Began as an Octopode Conjurer on Feb 5, 2023.
             Was a Priest of Sif Muna.
             Mangled by a white ugly thing (14 damage)
             ... on level 9 of the Dungeon.
             The game lasted 00:46:27 (12968 turns).

kingofthe the Covert (Octopode Conjurer)           Turns: 12968, Time: 00:46:27

Health: -6/56      AC:  7    Str:  7    XL:     10   Next: 24%
Magic:  0/28       EV: 22    Int: 21    God:    Sif Muna [***...]
Gold:   836        SH:  0    Dex: 14    Spells: 7/21 levels left

rFire   . . .      SeeInvis +    K - +4 hand axe
rCold   + . .      Faith    .    (no shield)
rNeg    . . .      Spirit   +    x - +2 hat
rPois   .          Reflect  .    u - amulet of guardian spirit
rElec   .          Harm     .    l - ring of protection from cold
rCorr   .          Rampage  .    w - +4 ring of protection
Will    .....                    y - +5 ring of evasion
Stlth   +++++                    d - ring of magical power
HPRegen 0.29/turn                (no ring)
MPRegen 0.21/turn                L - ring of see invisible
                                 (no ring)
                                 (no ring)

@: no status effects
A: almost no armour, amphibious, 8 rings, camouflage 1, gelatinous body 1,
(nimble swimmer 1), tentacles
a: Renounce Religion, Channel Magic, Forget Spell


You were on level 9 of the Dungeon.
You worshipped Sif Muna.
Sif Muna was most pleased with you.
You visited 2 branches of the dungeon, and saw 10 of its levels.
You also visited: Sewer and Bailey.

You collected 1144 gold pieces.
You spent 308 gold pieces at shops.

Inventory:

Hand Weapons
 H - a +1 mace of holy wrath
 K - a +4 hand axe (weapon)
 M - a +1 falchion of freezing
Armour
 x - a +2 hat (worn)
Magical Staves
 N - a staff of fire
Jewellery
 d - a ring of magical power (on tentacle)
 l - a ring of protection from cold (left tentacle)
 u - an amulet of guardian spirit (around mantle)
 w - a +4 ring of protection (right tentacle)
 y - a +5 ring of evasion (on tentacle)
 J - a ring of fire
 L - a ring of see invisible (on tentacle)
Wands
 G - a wand of polymorph (9)
 O - a wand of flame (18)
Scrolls
 b - 4 scrolls of immolation
 c - 2 scrolls of vulnerability {unknown}
 e - 4 scrolls of amnesia
 f - 2 scrolls of identify
 g - 2 scrolls of blinking
 h - 2 scrolls of summoning {unknown}
 i - a scroll of noise {unknown}
 m - 3 scrolls of enchant weapon
 o - a scroll of enchant armour
 q - 2 scrolls of fog {unknown}
 s - a scroll of torment {unknown}
 v - a scroll of fear
 A - 5 scrolls of teleportation
Potions
 a - a potion of magic
 j - 2 potions of haste
 k - 5 potions of attraction
 n - 2 potions of lignification
 p - a potion of heal wounds {unknown}
 r - 3 potions of mutation
 t - a potion of berserk rage {unknown}
 z - 2 potions of ambrosia
 B - 3 potions of curing
 C - a potion of brilliance {unknown}
 D - a potion of cancellation {unknown}
 E - a potion of invisibility {unknown}
 F - 5 potions of flight
 I - a potion of resistance {unknown}
Miscellaneous
 P - a phial of floods


   Skills:
 * Level 8.3 Dodging
 + Level 8.5 Stealth
 + Level 6.3 Spellcasting
 + Level 7.1 Conjurations
 + Level 4.9 Hexes
 + Level 1.7 Translocations
 + Level 2.4 Invocations


You had 7 spell levels left.
You knew the following spells:

 Your Spells              Type           Power      Damage    Failure   Level
a - Magic Dart            Conj           100%       1d8       1%          1
b - Searing Ray           Conj           72%        2d7       1%          2
c - Fulminant Prism       Conj/Hex       16%        3d11      8%          4
d - Iskenderun's Mystic   Conj/Tloc      25%        2d7       16%         4
f - Dazzling Flash        Conj/Hex       64%        N/A       2%          3

Your spell library contained the following spells:

 Spells                   Type           Power      Damage    Failure   Level
 Static Discharge         Conj/Air       42%        2-4/arc   3%          2
 Vhi's Electric Charge    Tloc/Air       20%        N/A       21%         3
 Arcjolt                  Conj/Air       10%        1d20      52%         5
 Lightning Bolt           Conj/Air       10%        1d23      52%         5
 Starburst                Conj/Fire      10%        6d5       98%         6


Dungeon Overview and Level Annotations

Branches:
Dungeon (9/15)             Temple (1/1) D:4           Sewer (visited)
 Bailey (visited)
   Lair: D:8-11         Orc: D:9-12

Altars:
Ashenzari
Cheibriados
Dithmenos
Elyvilon
Fedhas
Gozag
Hepliaklqana
Kikubaaqudgha
Makhleb
Okawaru
Qazlal
Ru
Sif Muna
Trog
Uskayaw
Vehumet
Wu Jian
Xom
Yredelemnul
Zin
The Shining One

Shops:
D:2 [*(   D:3 [   D:4 ==   D:6 *   D:8 =   D:9 !

Annotations:
D:5 2 transporters, IdlyInterested's ghost, novice DsFi
D:9 2 runed translucent doors, Nabski's ghost, novice TeFE


Innate Abilities, Weirdness & Mutations

You cannot wear most types of armour.
You are amphibious.
You can wear up to eight rings at the same time.
Your skin changes colour to match your surroundings (Stealth+).
Your rubbery body absorbs attacks. (AC +1, EV +1)
((You are camouflaged when in or above water. (Stealth+)))
You have tentacles for arms and can constrict up to eight enemies at once.


Message History

The white ugly thing completely misses you.
The searing ray hits the white ugly thing.
The white ugly thing is moderately wounded.
The white ugly thing closely misses you.
The searing ray misses the white ugly thing.
You finish channelling your searing ray.
The white ugly thing misses you.
Casting: Searing Ray (safe; 1% risk of failure)
Confirm with . or Enter, or press ? or * to list all spells.
Aiming: Searing Ray (safe; 1% risk of failure)
Press: ? - help, Shift-Dir - straight line, f - white ugly thing
Aim: a white ugly thing (moderately wounded, 81% to hit)
The searing ray hits the white ugly thing!
The white ugly thing is heavily wounded. (Press . to maintain the ray.)
The white ugly thing gores you! The white ugly thing freezes you! You resist.
The searing ray hits the white ugly thing.
The white ugly thing is heavily wounded.
The white ugly thing completely misses you.
The searing ray hits the white ugly thing.
The white ugly thing is heavily wounded.
The white ugly thing closely misses you.
The searing ray misses the white ugly thing.
You finish channelling your searing ray.
The white ugly thing closely misses you.
Casting: Searing Ray (safe; 1% risk of failure)
Confirm with . or Enter, or press ? or * to list all spells.
Aiming: Searing Ray (safe; 1% risk of failure)
Press: ? - help, Shift-Dir - straight line, f/p - white ugly thing
Aim: a white ugly thing (heavily wounded, 81% to hit)
The searing ray hits the white ugly thing!
The white ugly thing is severely wounded. (Press . to maintain the ray.)
The white ugly thing gores you! The white ugly thing freezes you! You resist.
* * * LOW HITPOINT WARNING * * *
The searing ray misses the white ugly thing.
The white ugly thing gores you!
* * * LOW HITPOINT WARNING * * *
The white ugly thing freezes you! You resist.
You die...

#### #.#
#.######..
#.#
#......'..
#.###
########..
#...# #..
###.# #..
#.# ###
#.#
#.######
#....@.#
######u#
#)#
.........#
#######..#
#... #....
#.....
#......


You could see a white ugly thing.

Vanquished Creatures
  2 wyverns
  2 steam dragons
  2 orc warriors (Bailey)
  2 sky beasts
  A black bear (D:6)
  5 centaurs
  A phantom (D:7)
  7 kobold brigands (Bailey)
  2 scorpions
  6 bullfrogs
  A necrophage (D:7)
  3 wights (D:8)
  9 killer bees
  6 jellies
  3 orc priests
  3 hounds
  2 gnoll boudas (D:7)
  4 iguanas (D:4)
  An orc wizard (D:6)
  15 gnolls
  5 river rats (Sewer)
  16 adders
  3 ufetubi
  3 worms
  2 dart slugs
  14 orcs
  11 ball pythons
  14 bats
  8 endoplasms
  5 giant cockroaches
  9 goblins
  7 hobgoblins
  8 jackals
  5 quokkas
  4 frilled lizards
  9 kobolds
  9 rats
209 creatures vanquished.

Vanquished Creatures (others)
  2 fungi (D:2)
  3 plants
5 creatures vanquished.

Grand Total: 214 creatures vanquished

Notes
Turn   | Place    | Note
-------+----------+-------------------------------------------
     0 | D:1      | kingofthe the Octopode Conjurer began the quest for the
                  | Orb.
     0 | D:1      | Reached XP level 1. HP: 11/11 MP: 3/3
   163 | D:1      | Reached XP level 2. HP: 17/17 MP: 1/5
   455 | D:1      | Reached XP level 3. HP: 21/21 MP: 3/6
   526 | D:1      | Learned a level 2 spell: Searing Ray
   982 | D:2      | Found Meulinom's Weapon Shop.
  1094 | D:2      | Found Metulak's General Store.
  1098 | D:2      | Bought a scroll of identify for 28 gold pieces
  1273 | D:2      | Reached XP level 4. HP: 27/27 MP: 3/8
  1677 | D:2      | Found Iptusun's Armour Shop.
  1878 | D:2      | Found a faded altar of an unknown god.
  2689 | D:3      | Found Cutrosul's Armour Emporium.
  2973 | D:3      | Reached XP level 5. HP: 31/31 MP: 4/9
  3027 | D:3      | Found a stormy altar of Qazlal.
  3215 | D:4      | Found Reblastro's Jewellery Shoppe.
  3593 | D:4      | Learned a level 4 spell: Fulminant Prism
  3706 | D:4      | Found Pytuih's Jewellery Shop.
  3737 | D:4      | Reached XP level 6. HP: 36/36 MP: 5/11
  4092 | D:4      | Reached skill level 1 in Hexes
  4190 | D:4      | Found a staircase to the Ecumenical Temple.
  4311 | Temple   | Entered the Ecumenical Temple
  4317 | Temple   | Became a worshipper of Sif Muna the Loreminder
  4360 | D:5      | Entered Level 5 of the Dungeon
  4739 | D:5      | Reached XP level 7. HP: 41/41 MP: 6/13
  5024 | D:5      | Reached skill level 5 in Conjurations
  5073 | D:5      | Found a transporter.
  5075 | D:5      | Noticed a shadow
  5079 | D:5      | Noticed IdlyInterested's ghost (novice DsFi)
  5106 | D:5      | Found a transporter.
  5336 | D:5      | Found a white marble altar of Elyvilon.
  5374 | D:5      | Noticed a wyvern
  5382 | D:5      | Killed a wyvern
  5383 | D:5      | Reached skill level 5 in Stealth
  6271 | D:6      | Found Dihats's Assorted Antiques.
  6471 | D:6      | Reached skill level 5 in Dodging
  6536 | D:6      | Reached XP level 8. HP: 46/46 MP: 5/15
  6744 | D:6      | Found a glowing drain.
  6754 | Sewer    | Entered a sewer
  7100 | Sewer    | Reached * piety under Sif Muna
  8280 | D:6      | Reached skill level 5 in Spellcasting
  8974 | D:4      | Bought a ring of magical power for 280 gold pieces
  9215 | D:7      | Reached ** piety under Sif Muna
  9608 | D:7      | Reached XP level 9. HP: 51/51 MP: 16/17
 10936 | D:8      | Found a sacrificial altar of Ru.
 11197 | D:8      | Found Votemopi's Jewellery Shoppe.
 11254 | D:8      | Reached skill level 1 in Invocations
 11292 | D:8      | Learned a level 4 spell: Iskenderun's Mystic Blast
 11429 | D:8      | Found an ancient bone altar of Kikubaaqudgha.
 11738 | D:9      | Found a flagged portal.
 11743 | Bailey   | Entered a bailey
 11751 | Bailey   | Learned a level 3 spell: Dazzling Flash
 11770 | Bailey   | Reached *** piety under Sif Muna
 11942 | Bailey   | Reached skill level 1 in Translocations
 11942 | Bailey   | Reached XP level 10. HP: 56/56 MP: 19/19
 12311 | Bailey   | Found a burning altar of Makhleb.
 12492 | D:9      | Found a large runed translucent door.
 12493 | D:9      | Found a large runed translucent door.
 12496 | D:9      | Noticed Nabski's ghost (novice TeFE)
 12878 | D:9      | Found Nohiutz's Distillery.
 12953 | D:9      | Noticed a white ugly thing
 12968 | D:9      | Mangled by a white ugly thing

Illustrated notes

Levels and vault maps discovered:
D:1:      tarquinn_simple_flora_water_a, layout_rooms, minmay_misc_feat_chi,
          serial_bayou_pond_b
D:2:      layout_basic, serial_shops, shop, nicolae_shop_stone, shop,
          shapermc_ecumenical_altar_gd
D:3:      layout_basic, nicolae_overflow_hidden_temple, serial_shops, shop
D:4:      layout_basic, minmay_temple_entry_nine_rooms, serial_shops, shop,
          nicolae_inconvenience_store, minmay_between
D:5:      layout_layer_cave, elyvilon_altar_1, gammafunk_ghost_arena
D:6:      layout_basic, portal_sewer_entry_b, nicolae_stop_n_shop_2
D:7:      layout_basic
D:8:      layout_basic, nicolae_kikubaaqudgha_miasma_corner,
          nicolae_ru_awakened_eye, serial_shops, nicolae_square_shop,
          kennysheep_decorative_pillar, nicolae_elevator_lobby_asterisk
D:9:      layout_basic, serial_shops, shop, ebering_ghost_disaster_area,
          enter_bailey_3
Temple:   sentei_temple_godly_chess

Skill      XL: |  1  2  3  4  5  6  7  8  9 10 |
---------------+-------------------------------+-----
Stealth        | 3 4 5 6 8 |  8.5
Dodging        | 3 4 5 6 7 8 |  8.3
Spellcasting   | 3 4 5 6 |  6.3
Hexes          | 1 2 3 4 |  4.9
Conjurations   | 5 6 7 |  7.1
Invocations    | 1 2 |  2.4
Translocations | 1 |  1.7

Action                     |  1- 3 |  4- 6 |  7- 9 | 10-12 || total
---------------------------+-------+-------+-------+-------++-------
  Melee: Unarmed           |     8 |       |       |       ||     8
         Constrict         |     2 |     2 |       |       ||     4
         Tentacles         |     2 |     2 |       |       ||     4
         Short sword       |       |     4 |       |       ||     4
   Cast: Magic Dart        |    61 |    83 |   227 |    28 ||   399
         Searing Ray       |     1 |    20 |    72 |    16 ||   109
    Use: Scroll            |       |       |    12 |       ||    12
 Armour: Skin              |       |     1 |    31 |     4 ||    36
  Dodge: Dodged            |     7 |    14 |   168 |    38 ||   227

Table legend: (Time is in decaauts)
 A = Elapsed time spent in this place.
 B = Non-inter-level travel time spent in this place.
 C = Inter-level travel time spent in this place.
 D = Time resting spent in this place.
 E = Time spent auto-exploring this place.
 F = Levels seen in this place.
 G = Mean time per level.
                   A        B        C        D        E       F      G
               +--------+--------+--------+--------+--------+-----+--------+
         Total |  12980 |  12052 |    928 |   1605 |   8690 |  12 | 1081.7 |
       Dungeon |  11249 |  10324 |    925 |   1066 |   8001 |   9 | 1249.9 |
        Temple |     13 |     10 |      3 |      0 |      2 |   1 |   13.0 |
         Sewer |   1111 |   1111 |      0 |    287 |    567 |   1 | 1111.0 |
        Bailey |    605 |    605 |      0 |    252 |    120 |   1 |  605.0 |
               +--------+--------+--------+--------+--------+-----+--------+

Top non-repeatable levels by time:
     D:4: 1782 daAuts
     D:5: 1767 daAuts
     D:7: 1419 daAuts
     D:6: 1399 daAuts
     D:2: 1174 daAuts
   Sewer: 1111 daAuts
     D:1: 1054 daAuts
     D:8: 960 daAuts
     D:3: 877 daAuts
     D:9: 813 daAuts
  Bailey: 605 daAuts
  Temple: 13 daAuts
